 Dungeon Sprint DCSS version 0.22.1-2-g9c5b331 (webtiles) character file.

36 diana the Slasher (level 3, -3/31 HPs)
             Began as a Demigod Gladiator on Dec 24, 2018.
             Slain by an orc warrior
             ... wielding a +0 halberd
              (18 damage)
             ... in the Dungeon (Sprint IX: "|||||||||||||||||||||||||||||").
             The game lasted 00:00:52 (497 turns).

diana the Slasher (Demigod Gladiator)                Turns: 497, Time: 00:00:53

Health: -3/31      AC:  9    Str: 19    XL:     3   Next: 5%
Magic:  5/5        EV: 13    Int: 12    God:
Gold:   0          SH:  0    Dex: 17    Spells: 2/2 levels left

rFire    . . .     SeeInvis .   t - +2 scimitar (flame)
rCold    . . .     Gourm    .   (no shield)
rNeg     . . .     Faith    .   q - +2 ring mail
rPois    .         Spirit   .   c - +0 helmet
rElec    .         Reflect  .   (no cloak)
rCorr    .         Harm     .   p - +0 pair of gloves
MR       .....     NoTele   +   (no boots)
Stlth    +.........             (no amulet)
HPRegen  0.10/turn              (no ring)
MPRegen  0.09/turn              (no ring)

@: no status effects
A: high mp 1
a: no special abilities


You were in the Dungeon.
You were not hungry.

You visited 1 branch

Inventory:

Hand Weapons
 a - a +0 long sword
 t - a +2 scimitar of flaming (weapon)
Missiles
 d - 3 throwing nets (quivered)
Armour
 b - a +0 leather armour
 c - a +0 helmet (worn)
 p - a +0 pair of gloves (worn)
 q - a +2 ring mail (worn)
Jewellery
 r - a +3 ring of intelligence
 s - a +3 ring of dexterity
Wands
 o - a wand of iceblast (10)
Scrolls
 k - 2 scrolls of blinking
 m - 3 scrolls of remove curse
 n - 2 scrolls of amnesia
Potions
 e - a potion of invisibility
 g - 3 potions of heal wounds
 h - a potion of haste
 i - 4 potions of magic
 j - a potion of berserk rage
 l - 4 potions of curing
Comestibles
 f - a ration


   Skills:
 + Level 3.1 Fighting
 * Level 4.5 Long Blades
 - Level 1.7 Throwing
 + Level 2.2 Armour
 + Level 3.7 Dodging


You had 2 spell levels left.
You didn't know any spells.
Your spell library was empty.

Dungeon Overview and Level Annotations

Branches:
Dungeon (1/1)


Innate Abilities, Weirdness & Mutations

You have an increased reservoir of magic. (+10% MP)


Message History

The crimson imp shouts!
The orc warrior barely misses you.
The orc warrior hits you with a halberd!
Ouch! That really hurt!
There is an open door to the Dungeon, spattered with blood here.
You are too injured to fight recklessly!
You are too injured to fight recklessly!
The leopard gecko hisses angrily.
You hit the orc warrior but do no damage.
The orc warrior barely misses you.
You hit the orc warrior but do no damage.
The orc warrior closely misses you.
You slash the orc warrior! You burn the orc warrior.
The orc warrior is heavily wounded.
The orc warrior closely misses you.
You hit the orc warrior. You burn the orc warrior.
The orc warrior is severely wounded.
The orc warrior hits you with a halberd!!
Ouch! That really hurt!
You die...

▓.▓
▓|▓
▓)▓
▓.▓
▓[▓
▓.▓
▓.▓
▓.▓
▓@▓
▓o▓
▓a▓
▓s▓
▓l▓
▓5▓
▓r▓
▓+▓


You could see an orc warrior, a scorpion, a worker ant, a crimson imp, a leopard
gecko and a quokka.

Vanquished Creatures
  A worker ant (D)
  An ooze (D)
  An orc (D)
  A goblin (D)
  A hobgoblin (D)
  2 bats (D)
  A frilled lizard (D)
  A leopard gecko zombie (D)
  A rat (D)
10 creatures vanquished.

Notes
Turn   | Place    | Note
-------+----------+-------------------------------------------
     0 | D        | diana the Demigod Gladiator began the quest for the Orb.
     0 | D        | Reached XP level 1. HP: 17/17 MP: 3/3
     5 | D        | Reached skill level 3 in Long Blades
    18 | D        | Reached skill level 1 in Armour
   201 | D        | Noticed a worker ant
   221 | D        | Killed a worker ant
   221 | D        | Reached skill level 4 in Long Blades
   221 | D        | Reached XP level 2. HP: 9/26 MP: 4/4
   222 | D        | Reached XP level 3. HP: 11/31 MP: 5/5
   419 | D        | Found a roughly hewn altar of Beogh.
   419 | D        | Found a snail-covered altar of Cheibriados.
   419 | D        | Found a shadowy altar of Dithmenos.
   419 | D        | Found a white marble altar of Elyvilon.
   419 | D        | Found a blossoming altar of Fedhas.
   419 | D        | Found an opulent altar of Gozag.
   420 | D        | Found a hazy altar of Hepliaklqana.
   421 | D        | Found a viscous altar of Jiyva.
   422 | D        | Found an ancient bone altar of Kikubaaqudgha.
   423 | D        | Found a corrupted altar of Lugonu.
   424 | D        | Found a burning altar of Makhleb.
   425 | D        | Found a sparkling altar of Nemelex Xobeh.
   426 | D        | Found an iron altar of Okawaru.
   427 | D        | Found a stormy altar of Qazlal.
   428 | D        | Found a sacrificial altar of Ru.
   429 | D        | Found a deep blue altar of Sif Muna.
   430 | D        | Found a bloodstained altar of Trog.
   431 | D        | Found a hide-covered altar of Uskayaw.
   432 | D        | Found a radiant altar of Vehumet.
   433 | D        | Found an ornate altar of the Wu Jian Council.
   434 | D        | Found a shimmering altar of Xom.
   435 | D        | Found a basalt altar of Yredelemnul.
   436 | D        | Found a glowing silver altar of Zin.
   437 | D        | Found a glowing golden altar of the Shining One.
   492 | D        | Noticed an orc warrior
   492 | D        | Noticed a scorpion
   497 | D        | Slain by an orc warrior

Skill      XL: |  1 |
---------------+----+-----
Fighting       | 3 |  3.1
Long Blades    | 4 |  4.5
Dodging        | 3 |  3.7
Armour         | 2 |  2.2
Throwing       | |  1.7

Action                   || total
-------------------------++-------
Melee: Long sword        ||    35
       Scimitar          ||     4
  Use: Potion            ||     1
Armor: Leather armour    ||    13
Dodge: Dodged            ||    30
       Rpst.: Long sword ||    10
